 Dungeon Crawl Stone Soup version 0.22-a0-362-g535178c (webtiles) character file.

1291 Amnesiac the Digger (level 8, 0/52 HPs)
             Began as a Mummy Earth Elementalist on Apr 20, 2018.
             Was a Follower of Sif Muna.
             Slain by an orc wizard
             ... wielding a +2 spear of venom
              (7 damage)
             ... on level 5 of the Dungeon.
             The game lasted 00:11:14 (6965 turns).

Amnesiac the Digger (Mummy Earth Elementalist)      Turns: 6965, Time: 00:11:15

Health: 0/52       AC:  5    Str: 12    XL:     8   Next: 30%
Magic:  0/17       EV: 14    Int: 16    God:    Sif Muna [*.....]
Gold:   182        SH:  0    Dex: 12    Spells: 5/20 levels left

rFire    x . .     SeeInvis .   g - +4 dagger (speed)
rCold    + + .     Gourm    .   (no shield)
rNeg     + + +     Faith    .   f - +0 robe {rC+}
rPois    ∞         Spirit   .   e - +0 helmet (curse)
rElec    .         Reflect  .   (no cloak)
rCorr    .         Harm     .   i - +1 pair of gloves
MR       +....                  (no boots)
Stlth    ++........             (no amulet)
HPRegen  0.17/turn              (no ring)
MPRegen  0.15/turn              (no ring)

@: very slightly contaminated, no casting
A: no food or potions, fire vulnerability, cold resistance 1, negative energy
resistance 3, torment resistance, unbreathing
a: Stop Divine Energy, Renounce Religion


You were on level 5 of the Dungeon.
You worshipped Sif Muna.
Sif Muna was aware of your devotion.
You were not hungry.

You visited 1 branch of the dungeon, and saw 7 of its levels.

You collected 182 gold pieces.

Inventory:

Hand Weapons
 c - a +0 mace of protection
 g - a +4 dagger of speed (weapon)
 p - a +1 dagger of pain
Missiles
 d - 113 stones (quivered)
Armour
 e - a cursed +0 helmet (worn)
 f - a +0 robe of cold resistance (worn)
 i - a +1 pair of gloves (worn)
Wands
 a - a wand of acid (11)
 h - a wand of random effects (34)
 q - a wand of iceblast (11)
Scrolls
 b - 2 scrolls of magic mapping {!r}
 j - 2 scrolls of enchant weapon {!r, unknown}
 k - 4 scrolls of fog {!r}
 l - 2 scrolls of fear {!r, unknown}
 m - a scroll of enchant armour {!r, unknown}
 n - 2 scrolls of teleportation {!r}
 o - 2 scrolls of noise {!r, unknown}
 r - a scroll of blinking {!r, unknown}
 s - a scroll of amnesia {!r, unknown}
 t - a scroll of identify {!r}


   Skills:
 + Level 4.4 Dodging
 - Level 1.5 Stealth
 + Level 6.5 Spellcasting
 - Level 0.7 Transmutations
 * Level 6.5 Earth Magic


You had 5 spell levels left.
You knew the following spells:

 Your Spells              Type           Power        Failure   Level  Hunger
a - Stone Arrow           Conj/Erth      ###...       11%         3    N/A
b - Passwall              Tmut/Erth      ###.......   4%          2    N/A
c - Sandblast             Erth           ####..       1%          1    N/A
d - Lee's Rapid Deconstr  Erth           ####......   26%         5    N/A
e - Petrify               Tmut/Erth      ###.....     28%         4    N/A

Dungeon Overview and Level Annotations

Branches:
Dungeon (7/15)
 Temple: D:4-7

Altars:
Hepliaklqana
Kikubaaqudgha
Sif Muna
Vehumet
Zin

Annotations:
D:5 Edmund; VDreamerV's ghost, novice NaTm


Innate Abilities, Weirdness & Mutations

You do not eat or drink.
Your flesh is vulnerable to fire.
You are immune to poison.
Your flesh is cold resistant. (rC+)
You are immune to negative energy. (rN+++)
You are immune to unholy pain and torment.
You can survive without breathing.


Message History

You are unable to access your magic!
The orc shouts!
You are unable to access your magic!
You regain access to your magic.
Casting: Stone Arrow (safe; 11% risk of failure)
Confirm with . or Enter, or press ? or * to list all spells.
Aiming: Stone Arrow (safe; 11% risk of failure)
Press: ? - help, Shift-Dir - straight line, f/p - gnoll shaman
Aim: a gnoll shaman, wielding a club and wearing a leather armour (severely wounded)
You miscast Stone Arrow.
You are very lightly contaminated with residual magic.
Nothing appears to happen.
Sif Muna grants you divine energy.
You briefly lose access to your magic!
You are unable to access your magic!
You hit the orc.
The orc is severely wounded.
The gnoll shaman completely misses you. The orc barely misses you.
An orc wizard comes into view. It is wielding a spear of venom.
The orc wizard shouts!
The orc hits you with a hand axe.
* * * LOW HITPOINT WARNING * * *
Unknown command.
The orc wizard gestures wildly while chanting.
The orc wizard flickers and vanishes!
Deactivating autopickup; reactivate with Ctrl-A.
An orc comes into view. It is wielding a dagger.
You are no longer glowing.
You regain access to your magic.
The orc shouts!
You hear a shout!
The orc hits you with a hand axe.
* * * LOW HITPOINT WARNING * * *
Casting: Stone Arrow (safe; 11% risk of failure)
Confirm with . or Enter, or press ? or * to list all spells.
Aiming: Stone Arrow (safe; 11% risk of failure)
Press: ? - help, Shift-Dir - straight line, f/p - gnoll shaman
Aim: a gnoll shaman, wielding a club and wearing a leather armour (severely wounded)
The stone arrow hits the orc.
You kill the orc!
Sif Muna accepts your kill. Sif Muna grants you divine energy.
You briefly lose access to your magic!
The gnoll hits you with a whip!
* * * LOW HITPOINT WARNING * * *
You hear some strange, mumbled words.
A puff of flame appears from out of thin air!
The puff of flame misses you. The gnoll hits you with a whip.
* * * LOW HITPOINT WARNING * * *
You are unable to access your magic!
You are unable to access your magic!
The gnoll hits you but does no damage.
You regain access to your magic.
The gnoll is no longer moving quickly.
Casting: Stone Arrow (safe; 11% risk of failure)
Confirm with . or Enter, or press ? or * to list all spells.
Aiming: Stone Arrow (safe; 11% risk of failure)
Press: ? - help, Shift-Dir - straight line, f/p - gnoll shaman
Aim: a gnoll shaman, wielding a club and wearing a leather armour (severely wounded)
The stone arrow hits the gnoll.
The gnoll is severely wounded.
Sif Muna grants you divine energy.
You briefly lose access to your magic!
The gnoll hits you with a whip.
* * * LOW HITPOINT WARNING * * *
Something hits you!
You die...

#...########o##.#
##.>#######@o..#
#.....gO..###..#####.
#.#######.o.....#... #.
####.#....# #. #.#...## #.
#.....## #. ##.....# .. #..@.#.#
## #.##g#..# ##<##{# ##W.##O## ..
####..###g.# #.######## ##
#....## #o.# ......... ..#
####.#### #..#######o.[#
...###....#######..........#.##
..).........W.............##..###


You could see an ogre, a gnoll shaman, a gnoll and an orc.

Vanquished Creatures
  Duvessa (D:4)
  A sky beast (D:6)
  A phantom (D:5)
  A black bear (D:6)
  2 ogres
  A wyvern zombie (D:5)
  2 scorpions (D:4)
  Dowan (D:4)
  A jelly (D:6)
  The ghost of Kikal the Conjurer, a weakling FeCj (D:4)
  A centaur skeleton (D:5)
  2 hounds
  2 bullfrog skeletons (D:5)
  Jessica (D:2)
  An orc wizard (D:3)
  2 worker ants
  Robin (D:4)
  A howler monkey skeleton (D:4)
  4 gnolls (D:5)
  5 adders
  2 oozes (D:3)
  An adder skeleton (D:4)
  A worm (D:3)
  A dart slug (D:1)
  4 leopard geckos
  22 orcs
  2 ball pythons
  14 bats
  2 giant cockroaches
  18 goblins
  6 hobgoblins
  7 jackals
  6 kobolds
  2 quokkas
  5 frilled lizards
  2 leopard gecko skeletons (D:4)
  10 rats
137 creatures vanquished.

Notes
Turn   | Place    | Note
-------+----------+-------------------------------------------
     0 | D:1      | Amnesiac the Mummy Earth Elementalist began the quest for the Orb.
     0 | D:1      | Reached XP level 1. HP: 13/13 MP: 4/4
   172 | D:1      | Reached XP level 2. HP: 15/19 MP: 0/5
   178 | D:1      | Learned a level 2 spell: Passwall
   324 | D:2      | Noticed Jessica
   331 | D:2      | Killed Jessica
   331 | D:2      | Reached XP level 3. HP: 21/24 MP: 1/7
   906 | D:3      | Found a glowing silver altar of Zin.
   906 | D:3      | Found a hazy altar of Hepliaklqana.
   923 | D:3      | Reached XP level 4. HP: 19/30 MP: 9/9
   987 | D:3      | Learned a level 4 spell: Petrify
   995 | D:3      | Noticed an ogre
  1862 | D:4      | Noticed Robin
  1903 | D:4      | Killed Robin
  1913 | D:4      | Reached XP level 5. HP: 3/35 MP: 0/10
  2191 | D:4      | Noticed Dowan
  2212 | D:4      | Killed Dowan
  2593 | D:5      | Entered Level 5 of the Dungeon
  2593 | D:5      | Noticed a phantom
  2655 | D:4      | Learned a level 5 spell: Lee's Rapid Deconstruction
  2677 | D:4      | Reached XP level 6. HP: 41/41 MP: 12/12
  2696 | D:4      | Noticed Duvessa
  3111 | D:5      | Noticed VDreamerV's ghost (novice NaTm)
  3176 | D:6      | Noticed a sky beast
  3210 | D:6      | Reached skill level 5 in Spellcasting
  3210 | D:6      | Reached skill level 5 in Earth Magic
  3713 | D:4      | Learned a level 3 spell: Stone Arrow
  3786 | D:4      | Killed Duvessa
  3786 | D:4      | Reached XP level 7. HP: 20/46 MP: 6/14
  3976 | D:4      | Noticed Kikal's ghost (weakling FeCj)
  4297 | D:4      | Killed Kikal's ghost
  4354 | D:4      | Found an ancient bone altar of Kikubaaqudgha.
  4355 | D:4      | Found a radiant altar of Vehumet.
  4356 | D:4      | Found a deep blue altar of Sif Muna.
  4362 | D:4      | Identified Sif Muna's Reference Book on Transformation
  4365 | D:4      | Became a worshipper of Sif Muna the Loreminder
  6030 | D:5      | Noticed Edmund
  6100 | D:6      | Reached XP level 8. HP: 11/52 MP: 7/17
  6796 | D:5      | Reached * piety under Sif Muna
  6965 | D:5      | Slain by an orc wizard

Vault maps used:
D:1:      ncdulo_smallfort, minmay_quantized
D:2:      uniq_jessica
D:3:      gammafunk_temple_overflow_elements
D:4:      grunt_temple_overflow_magic_moments, first_ration,
          grunt_decor_arrowhead, uniq_duvessa, uniq_robin
D:5:      uniq_edmund
D:6:      minmay_shop_grid_forest, corexii_leaking_fountain, uniq_eustachio
D:7:      grunt_temple_overflow_open, temple_green, the_bakery, elyvilon_altar_4

Skill      XL: |  1  2  3  4  5  6  7 |
---------------+----------------------+-----
Dodging        | 2 3 4 |  4.4
Spellcasting   | 3 4 5 6 |  6.5
Earth Magic    | 3 4 5 6 |  6.5
Stealth        | |  1.5
Transmutations | |  0.7

Action                   |  1- 3 |  4- 6 |  7- 9 || total
-------------------------+-------+-------+-------++-------
Melee: Unarmed           |    13 |       |       ||    13
       Dagger            |    82 |   118 |   160 ||   360
Throw: Stone             |       |       |     1 ||     1
 Cast: Sandblast         |    30 |    55 |    47 ||   132
       Stone Arrow       |       |       |    34 ||    34
Invok: Divine Energy     |       |       |     1 ||     1
  Use: Scroll            |       |       |     3 ||     3
 Stab: Sleeping          |       |     2 |     6 ||     8
Armor: Robe              |    30 |    15 |    46 ||    91
Dodge: Dodged            |    90 |    94 |   145 ||   329

Table legend:
 A = Spawn XP
 B = Non-spawn XP
 C = Spawn XP percentage of total XP
 D = Spawn monster count
 E = Non-spawn monster count
 F = Spawn count percentage of total count
 G = Total turns spent on level
                    A         B        C        D         E        F      G
               +---------+---------+-------+---------+---------+-------+---------
         Total |       0 |    1845 |   0.0 |       0 |     136 |   0.0 |  6965
               +---------+---------+-------+---------+---------+-------+---------
           D:1 |       0 |      44 |   0.0 |       0 |      28 |   0.0 |   794
           D:2 |       0 |      59 |   0.0 |       0 |      17 |   0.0 |   460
           D:3 |       0 |     303 |   0.0 |       0 |      31 |   0.0 |  2068
           D:4 |       0 |     520 |   0.0 |       0 |      27 |   0.0 |  2035
           D:5 |       0 |     602 |   0.0 |       0 |      22 |   0.0 |   460
           D:6 |       0 |     317 |   0.0 |       0 |      11 |   0.0 |  1146
               +---------+---------+-------+---------+---------+-------+---------
